 Dungeon Crawl Stone Soup version 0.20.1-1-g8b1a95d (webtiles) character file.

54 Thjof the Stinger (level 3, 0/28 HPs)
             Began as a Tengu Venom Mage on Nov 3, 2017.
             Was a Follower of Nemelex Xobeh.
             Succumbed to an adder's poison
             ... on level 3 of the Dungeon.
             The game lasted 00:26:11 (1481 turns).

Thjof the Stinger (Tengu Venom Mage)                Turns: 1481, Time: 00:26:11

Health: 0/28       AC: 21    Str:  9    XL:     3   Next: 91%
Magic:  3/7        EV:  2    Int: 15    God:    Nemelex Xobeh [*.....]
Gold:   96         SH:  0    Dex: 14    Spells: 0/6 levels left

rFire    + . .     SeeInvis .   a - +1 whip (elec)
rCold    . . .     Gourm    .   (no shield)
rNeg     + + +     Faith    .   (armour currently unavailable)
rPois    +         Spirit   .   (helmet currently unavailable)
rElec    .         Reflect  .   (cloak currently unavailable)
rCorr    .         Harm     .   (gloves currently unavailable)
MR       .....     NoTele   +   (boots unavailable)
Stlth    +++.......             (no amulet)
Regen    0.1/turn               I - ring of protection from fire
MPRegen  0.1/turn               u - ring of stealth

@: lethally poisoned (0 -> -6), tree-form, very slightly contaminated
A: no striking features
a: Renounce Religion


You were on level 3 of the Dungeon.
You worshipped Nemelex Xobeh.
Nemelex Xobeh was aware of your devotion.
You were not hungry.
You were a tree.
You visited 1 branch of the dungeon, and saw 3 of its levels.

You collected 96 gold pieces.

Inventory:

Hand Weapons
 a - a +1 whip of electrocution (weapon)
 m - a +0 club
 n - a cursed -3 club
 o - a +0 short sword
 s - a +0 club
 t - a +1 dagger of speed
 v - a +0 club
 w - a +0 dagger
 z - a +0 club
 B - a +0 dagger
 D - a +0 dagger
 E - a +0 hunting sling
Missiles
 f - 56 stones
 l - 15 bolts
 C - 16 sling bullets
 H - 19 poisoned needles
 J - 7 tomahawks (quivered)
Armour
 d - a +0 robe (melded)
 y - a +0 pair of boots
 G - a +0 shield
Jewellery
 r - an uncursed ring of see invisible
 u - a ring of stealth (right branch)
 I - a ring of protection from fire (left branch)
Scrolls
 p - a scroll of teleportation
 F - a scroll of identify {unknown}
Potions
 e - a potion of lignification
 h - a potion of haste {unknown}
 i - a potion of mutation {unknown}
 k - 2 potions of curing {unknown}
 x - a potion of flight {unknown}
Books
 b - a Young Poisoner's Handbook

   Spells                             Type                      Level
   a - Sting                          Conjuration/Poison           1
   b - Poisonous Vapours              Poison/Air                   2
   c - Mephitic Cloud                 Conjuration/Poison/Air       3
   d - Olgreb's Toxic Radiance        Poison                       4
   e - Venom Bolt                     Conjuration/Poison           5
Miscellaneous
 q - a plain deck of escape {drawn: 5}
Comestibles
 c - 5 bread rations
 j - 3 chunks of flesh
 A - 4 fruits


   Skills:
 + Level 0.2 Fighting
 + Level 0.2 Maces & Flails
 + Level 2.7 Dodging
 + Level 2.1 Stealth
 + Level 2.2 Spellcasting
 + Level 2.1 Conjurations
 + Level 0.3 Air Magic
 + Level 3.7 Poison Magic


You couldn't memorise any spells.
You knew the following spells:

 Your Spells              Type           Power        Failure   Level  Hunger
a - Sting                 Conj/Pois      ##..         6%          1    #......
b - Poisonous Vapours     Pois/Air       #.....       14%         2    ###....
c - Mephitic Cloud        Conj/Pois/Air  #.......     28%         3    ###....


Dungeon Overview and Level Annotations

Branches:
Dungeon (2/15)

Altars:
Nemelex Xobeh


Innate Abilities, Weirdness & Mutations

((You have a beak for a mouth.))
((You have claws for feet.))


Message History

Aim: an adder Poisonous vapours surround the adder!
The adder is engulfed in poison gas.
The adder is poisoned.
The adder bites you.
* * * LOW HITPOINT WARNING * * *
You are lethally poisoned!
The adder poisons you! The kobold hits you with a whip.
* * * LOW HITPOINT WARNING * * *
Evoke which item? (* to show all) (? for menu, Esc to quit)
You draw a card...
It is the Shaft.
A shaft materialises beneath you!
* * * LOW HITPOINT WARNING * * *
You feel sick. The adder closely misses you. The kobold barely misses you.
The adder barely misses you.
You fall through a shaft!
The shaft crumbles and collapses.
Found an escape hatch in the floor.
There is a lethal amount of poison in your body!
It was a potion of lignification.
You turn into a tree.
Your +0 robe melds into your body.
Your roots penetrate the ground.
You die...
Your body disappears without a glow. #.########### #..>.♣....... #############

There were no monsters in sight!

Vanquished Creatures
  A worm (D:2)
  A leopard gecko (D:2)
  A ball python (D:1)
  7 bats
  14 giant cockroaches
  2 hobgoblins (D:1)
  2 quokkas (D:2)
  4 frilled lizards
  5 goblins
  2 kobolds
  8 rats
47 creatures vanquished.

Notes
Turn   | Place    | Note
-------+----------+-------------------------------------------
     0 | D:1      | Thjof the Tengu Venom Mage began the quest for the Orb.
     0 | D:1      | Reached XP level 1. HP: 10/10 MP: 4/4
   151 | D:1      | Found a sparkling altar of Nemelex Xobeh.
   162 | D:1      | Became a worshipper of Nemelex Xobeh the Trickster
   259 | D:1      | Reached XP level 2. HP: 5/15 MP: 3/6
   294 | D:1      | Received a gift from Nemelex Xobeh
   341 | D:1      | Learned a level 2 spell: Poisonous Vapours
   895 | D:2      | Reached XP level 3. HP: 19/19 MP: 3/7
   909 | D:2      | Learned a level 3 spell: Mephitic Cloud
  1432 | D:2      | Reached * piety under Nemelex Xobeh
  1480 | D:2      | You fall through a shaft!
  1481 | D:3      | Succumbed to an adder's poison

Skill      XL: |  1  2  3 |
---------------+----------+-----
Conjurations   | 2 |  2.1
Fighting       | |  0.2
Maces & Flails | |  0.2
Dodging        | |  2.7
Stealth        | |  2.1
Spellcasting   | |  2.2
Air Magic      | |  0.3
Poison Magic   | |  3.7

Action                   || total
-------------------------++-------
Melee: Club              ||    63
       Kick              ||    10
       Peck              ||     7
       Whip              ||     2
Throw: Stone             ||    18
 Cast: Sting             ||    60
       Poisonous Vapours ||     7
       Mephitic Cloud    ||     2
Evoke: Deck              ||     5
  Use: Scroll            ||     3
       Potion            ||     1
 Stab: Sleeping          ||     2
       Confused          ||     1
  Eat: Meat ration       ||     1
Armor: Robe              ||    21
Dodge: Dodged            ||    87
